 Dungeon Crawl Stone Soup version 0.25.0-15-gac7dcb8919 (webtiles) character file.

Game seed: 7972141807820387355

6661 Gabide the Carver (level 10, 0/84 HPs)
             Began as a Centaur Fighter on June 28, 2020.
             Was an Elder of Trog.
             Slain by a manticore (6 damage)
             ... on level 9 of the Dungeon.
             The game lasted 00:24:31 (9402 turns).

Gabide the Carver (Centaur Fighter)                 Turns: 9402, Time: 00:24:32

Health: 0/84       AC:  8    Str: 21    XL:     10   Next: 73%
Magic:  10/10      EV: 11    Int:  7    God:    Trog [****..]
Gold:   453        SH:  0    Dex: 10    Spells: 9/9 levels left

rFire    . . .     SeeInvis +   t - +0 great sword (curse)
rCold    . . .     Gourm    .   (shield currently unavailable)
rNeg     . . .     Faith    .   l - +0 steam dragon scales
rPois    .         Spirit   .   e - +0 helmet
rElec    .         Reflect  .   (no cloak)
rCorr    .         Harm     .   o - +0 pair of gloves
MR       .....                  (no barding)
Stlth    +.........             s - amulet of the acrobat
HPRegen  0.24/turn              j - ring of see invisible
MPRegen  0.12/turn              (no ring)

@: very quick
A: large, hooves 3, deformed body, speed 2, tough skin 3
a: Berserk, Trog's Hand, Brothers in Arms, Renounce Religion


You were on level 9 of the Dungeon.
You worshipped Trog.
Trog was greatly pleased with you.
You were not hungry.

You visited 1 branch of the dungeon, and saw 7 of its levels.

You collected 453 gold pieces.

Inventory:

Hand Weapons
 a - a +0 long sword
 h - a +4 falchion of protection
 t - a cursed +0 great sword (weapon)
Missiles
 m - 15 boomerangs
 u - 24 poisoned darts (quivered)
Armour
 b - a +0 scale mail
 c - a +0 kite shield
 e - a +0 helmet (worn)
 l - +0 steam dragon scales (worn)
 o - a +0 pair of gloves (worn)
Jewellery
 j - a ring of see invisible (left hand)
 s - an amulet of the acrobat (around neck)
 x - an uncursed ring of resist corrosion {unknown}
Wands
 v - a wand of paralysis (6)
 w - a wand of iceblast (9)
 A - a wand of enslavement (6)
Scrolls
 n - a scroll of fear
 p - 2 scrolls of teleportation
 y - a scroll of magic mapping
Potions
 d - a potion of stabbing {unknown}
 g - a potion of cancellation
 i - 5 potions of curing {unknown}
 k - 2 potions of brilliance {unknown}
 q - a potion of magic {unknown}
 z - 2 potions of lignification {unknown}
Comestibles
 f - 9 rations
 r - a chunk of flesh


   Skills:
 * Level 6.8 Fighting
 * Level 11.3 Long Blades
 - Level 0.3 Throwing
 + Level 4.6 Armour
 + Level 3.7 Dodging
 - Level 0.5 Stealth
 - Level 4.1 Shields


You had 9 spell levels left.
You didn't know any spells.
Your spell library was empty.

Dungeon Overview and Level Annotations

Branches:
Dungeon (9/15)             Temple (0/1) D:7            Lair (0/6) D:8
    Orc (0/2) D:9

Altars:
Trog
Wu Jian
Xom
Beogh

Annotations:
D:6 4 runed translucent doors
D:8 5 runed translucent doors


Innate Abilities, Weirdness & Mutations

You have hooves in place of feet.
Armour fits poorly on your strangely shaped body.
You cover ground very quickly.
You have extremely tough skin. (AC +3)


Message History

The manticore easily resists.
The manticore barely misses you. The manticore closely misses you.
The manticore barely misses you.
That item cannot be evoked!
That item cannot be evoked!
Evoke which item? (* to show all) (? for menu, Esc to quit)
Aiming: Paralyse
Press: ? - help, Shift-Dir - straight line, f/p - manticore
Aim: a manticore (chance to defeat MR: 28%)
The manticore easily resists.
The manticore bites you!
* * * LOW HITPOINT WARNING * * *
The manticore claws you.
* * * LOW HITPOINT WARNING * * *
The manticore claws you!
* * * LOW HITPOINT WARNING * * *
You slice the manticore!!
The manticore is heavily wounded.
The manticore bites you but does no damage.
The manticore claws you but does no damage.
The manticore claws you.
You die...

#####..###.####............>..##
#####..###..##......###.#..####
......................#.#..####
#####################.#.#..##.###
.# #... #.#.#(#.#....#...#. ###
#..##.#.#.#.#.......... #.#
#.†..#.#.#............ .##
#..#†#H#.#.#.#.......... ..# #
...##@#.##.#)#.##..... ###
#######(###.)...###.##. .##
#.....#...### ####. #.#
#.###.#.#.# ## #.# #.....#.#.#
#.# #.#.#.#.#.# .## #.....#.#.#
### ###.###.#.# ≈≈ ..#
#.....#.#.# ..


You could see a manticore.

Vanquished Creatures
  A two-headed ogre (D:8)
  An unseen horror (D:6)
  A cyclops (D:6)
  Maggie (D:6)
  A troll (D:9)
  Grinder (D:6)
  A spriggan (D:8)
  Sigmund (D:6)
  2 yaks (D:9)
  A wyvern (D:7)
  A vampire mosquito (D:9)
  3 wargs (D:8)
  An ice beast (D:9)
  A sky beast (D:9)
  3 orc warriors
  A necrophage (D:6)
  A phantom (D:3)
  A centaur (D:9)
  4 ogres
  A big kobold (D:8)
  A water moccasin zombie (D:6)
  A wyvern skeleton (D:8)
  3 scorpions
  5 killer bees (D:8)
  A wight (D:6)
  4 howler monkeys
  2 crimson imps
  2 bullfrog zombies
  A centaur zombie (D:6)
  A quasit (D:9)
  A jelly (D:9)
  A hound (D:7)
  8 orc priests
  6 orc wizards
  A centaur skeleton (D:9)
  Natasha (thrice) (D:2)
  An iguana (D:6)
  9 worker ants
  A hound zombie (D:8)
  2 worker ant zombies
  4 gnolls (D:2)
  4 adders
  2 river rats (D:3)
  2 shadow imps
  An ooze (D:3)
  2 worms
  4 dart slugs
  4 leopard geckos
  52 orcs
  3 ball pythons
  4 giant cockroaches
  6 goblins
  8 hobgoblins
  4 jackals
  9 kobolds
  A quokka (D:2)
  8 bats
  7 frilled lizards
  A leopard gecko skeleton (D:9)
  A quokka skeleton (D:6)
  10 rats
219 creatures vanquished.

Vanquished Creatures (collateral kills)
  A tengu conjurer (D:9)
1 creature vanquished.

Grand Total: 220 creatures vanquished

Notes
Turn   | Place    | Note
-------+----------+-------------------------------------------
     0 | D:1      | Gabide the Centaur Fighter began the quest for the Orb.
     0 | D:1      | Reached XP level 1. HP: 19/19 MP: 1/1
    71 | D:1      | Reached XP level 2. HP: 20/26 MP: 2/2
    86 | D:1      | Reached skill level 2 in Long Blades
   489 | D:1      | Reached XP level 3. HP: 30/31 MP: 3/3
  1095 | D:2      | Noticed Natasha
  1108 | D:2      | Killed Natasha
  1108 | D:2      | Reached XP level 4. HP: 15/38 MP: 4/4
  1434 | D:2      | Noticed Natasha
  1438 | D:2      | Killed Natasha
  1876 | D:2      | Noticed Natasha
  2299 | D:2      | Found a faded altar of an unknown god.
  2322 | D:2      | Reached XP level 5. HP: 34/45 MP: 5/5
  2353 | D:2      | Killed Natasha
  2353 | D:2      | Reached skill level 3 in Long Blades
  2484 | D:2      | Became a worshipper of Trog the Wrathful
  2484 | D:2      | Reached * piety under Trog
  2623 | D:3      | Noticed a phantom
  2640 | D:3      | Killed a phantom
  2804 | D:3      | Reached XP level 6. HP: 51/51 MP: 6/6
  3262 | D:3      | Found a shimmering altar of Xom.
  3285 | D:3      | Reached ** piety under Trog
  3291 | D:3      | Reached skill level 4 in Long Blades
  3923 | D:3      | You fall into a shaft and drop 3 floors!
  3935 | D:6      | Noticed Sigmund
  3949 | D:6      | Killed Sigmund
  3949 | D:6      | Reached skill level 1 in Dodging
  3949 | D:6      | Reached XP level 7. HP: 37/59 MP: 7/7
  4082 | D:6      | Reached skill level 5 in Long Blades
  4295 | D:6      | Noticed Maggie
  4306 | D:6      | Killed Maggie
  4552 | D:6      | Found a large runed translucent door.
  4552 | D:6      | Found a large runed translucent door.
  4560 | D:6      | Noticed a hornet
  4569 | D:6      | Found a large runed translucent door.
  4569 | D:6      | Found a large runed translucent door.
  4614 | D:6      | Reached XP level 8. HP: 66/66 MP: 8/8
  4619 | D:6      | Noticed a cyclops
  4635 | D:6      | Killed a cyclops
  4635 | D:6      | Reached skill level 6 in Long Blades
  5037 | D:6      | Reached skill level 7 in Long Blades
  5110 | D:6      | Noticed Grinder
  5133 | D:6      | Paralysed by Grinder for 5 turns
  5141 | D:6      | Killed Grinder
  5502 | D:6      | Reached XP level 9. HP: 46/71 MP: 9/9
  5800 | D:6      | Noticed an unseen horror
  5816 | D:6      | Killed an unseen horror
  5816 | D:6      | Reached skill level 5 in Fighting
  5816 | D:6      | Reached skill level 8 in Long Blades
  6259 | D:7      | Reached *** piety under Trog
  6388 | D:7      | Found a staircase to the Ecumenical Temple.
  6593 | D:7      | Reached skill level 9 in Long Blades
  6899 | D:8      | Found a runed translucent gate.
  6902 | D:8      | Found a runed translucent gate.
  6902 | D:8      | Found a runed translucent gate.
  6910 | D:8      | Found a runed translucent door.
  6962 | D:8      | Paralysed by a spriggan baker for 5 turns
  7309 | D:8      | Noticed a two-headed ogre
  7325 | D:8      | Reached XP level 10. HP: 25/83 MP: 10/10
  7352 | D:8      | Found an ornate altar of the Wu Jian Council.
  7381 | D:8      | Killed a two-headed ogre
  7381 | D:8      | Reached skill level 10 in Long Blades
  7613 | D:8      | Found a staircase to the Lair.
  7887 | D:8      | Found the +9 staff of Olgreb {rPois∞}
  8023 | D:8      | Found a runed translucent door.
  8128 | D:9      | Found a roughly hewn altar of Beogh.
  8128 | D:9      | Found a staircase to the Orcish Mines.
  8185 | D:9      | Reached **** piety under Trog
  8954 | D:9      | Reached skill level 11 in Long Blades
  9253 | D:9      | HP: 4/126 [troll (3)]
  9396 | D:9      | Noticed a manticore
  9402 | D:9      | Slain by a manticore

Illustrated notes

Levels and vault maps discovered:
D:1:      dpeg_arrival_rooms_c, layout_rooms, hangedman_decor_lopped
D:2:      layout_basic, first_ration, chequers_ecumenical_altar_island,
          kennysheep_boxes, uniq_natasha
D:3:      layout_loops_cross, xom_teletrap_fun, gup_sewer_entry_spiral
D:6:      layout_basic, minmay_hollow_rounded_squares, uniq_maggie,
          uniq_sigmund, uniq_grinder
D:7:      layout_basic, minmay_temple_entry_wispy
D:8:      layout_loops_ring, erik_lair_orcish_takeover, basic_altar, the_bakery,
          minmay_guarded_unrand_staff_of_olgreb
D:9:      minmay_the_grid_square_5x5_4x4
          [minmay_the_grid_square_5x5_beaten_path, minmay_the_grid_square_5x5_c,
          minmay_the_grid_square_5x5_six, minmay_the_grid_square_5x5_shuriken,
          minmay_the_grid_square_5x5_slash,
          minmay_the_grid_square_5x5_prize_deathbox,
          minmay_the_grid_square_5x5_prize_junk,
          minmay_the_grid_square_5x5_gyroscope,
          minmay_the_grid_square_5x5_hollow_slash,
          minmay_the_grid_square_5x5_prize_itemx,
          minmay_the_grid_square_5x5_prize_open,
          minmay_the_grid_square_5x5_six_small,
          minmay_the_grid_square_5x5_three_small,
          minmay_the_grid_square_5x5_meh,
          minmay_the_grid_square_5x5_pentomino_r,
          minmay_the_grid_square_5x5_bracketed], layout_loops_ring, david_orc_5,
          serial_bayou_pond_b

Skill      XL: |  1  2  3  4  5  6  7  8  9 10 |
---------------+-------------------------------+-----
Long Blades    | 2 3 4 5 7 9 11 | 11.3
Armour         | 3 4 |  4.6
Fighting       | 4 5 6 |  6.8
Dodging        | 1 2 3 |  3.7
Shields        | 3 4 |  4.1
Throwing       | |  0.3
Stealth        | |  0.5

Action                   |  1- 3 |  4- 6 |  7- 9 | 10-12 || total
-------------------------+-------+-------+-------+-------++-------
Melee: Long sword        |    92 |   184 |    27 |       ||   303
       Kick              |    10 |    48 |    70 |    47 ||   175
       Falchion          |       |       |   261 |    27 ||   288
       Great sword       |       |       |       |   148 ||   148
Throw: Dart              |       |     1 |     8 |    12 ||    21
Invok: Trog's Hand       |       |       |     2 |     3 ||     5
       Berserk           |       |       |     1 |     1 ||     2
       Brothers in Arms  |       |       |       |     1 ||     1
Evoke: Wand              |       |       |       |     2 ||     2
  Use: Scroll            |     3 |     6 |     5 |     5 ||    19
       Potion            |       |     1 |     3 |       ||     4
 Stab: Distracted        |       |       |       |     1 ||     1
  Eat: Chunk             |       |     8 |     7 |     6 ||    21
       Ration            |       |       |     1 |     1 ||     2
Armor: Scale mail        |    55 |    65 |    11 |       ||   131
       Steam dragon scal |       |       |    85 |    56 ||   141
Dodge: Dodged            |    24 |    38 |    85 |    85 ||   232
Block: Kite shield       |    37 |    71 |    88 |    10 ||   206
       Rpst.: Long sword |    13 |    11 |     1 |       ||    25
       Falchion          |       |       |    29 |       ||    29
       Great sword       |       |       |       |    23 ||    23
